 Dungeon Crawl Stone Soup version 0.21-a0-221-gfe971b9 (webtiles) character file.

28 Moloch the Chopper (level 3, 24/29 HPs)
             Began as a Demonspawn Fighter on Aug 27, 2017.
             Quit the game on level 1 of the Dungeon.
             The game lasted 00:00:43 (395 turns).

Moloch the Chopper (Demonspawn Fighter)              Turns: 395, Time: 00:00:45

Health: 24/29      AC: 11    Str: 16    XL:     3   Next: 0%
Magic:  3/3        EV:  4    Int:  9    God:
Gold:   35         SH:  8    Dex: 13    Spells: 2/2 levels left

rFire    . . .     SeeInvis .   a - +0 war axe
rCold    . . .     Gourm    .   c - +0 shield
rNeg     . . .     Faith    .   n - +0 chain mail
rPois    .         Spirit   .   q - +0 helmet
rElec    .         Reflect  .   (no cloak)
rCorr    .         Harm     .   h - +0 pair of gloves
MR       .....                  (no boots)
Stlth    ..........             (no amulet)
HPRegen  0.09/turn              e - ring of flight
MPRegen  0.08/turn              (no ring)

@: no status effects
A: talons 1, nightstalker 1
a: Evoke Flight


You were on level 1 of the Dungeon.
You were not hungry.

You visited 1 branch of the dungeon, and saw 1 of its levels.

You collected 35 gold pieces.

Inventory:

Hand Weapons
 a - a +0 war axe (weapon)
Armour
 b - a +0 scale mail
 c - a +0 shield (worn)
 h - a +0 pair of gloves (worn)
 n - a +0 chain mail (worn)
 q - a +0 helmet (worn)
Jewellery
 e - a ring of flight (left hand)
Scrolls
 g - 2 scrolls of magic mapping {unknown}
 i - a scroll of noise {unknown}
 k - 2 scrolls of enchant armour {unknown}
 r - a scroll of random uselessness {unknown}
Potions
 d - a potion of might
 l - 2 potions of flight {unknown}
 m - a potion of berserk rage {unknown}
 p - a potion of resistance {unknown}
Comestibles
 f - a bread ration
 j - a meat ration
 o - 2 royal jellies


   Skills:
 - Level 3.0 Fighting
 + Level 3.1 Axes
 - Level 2.6 Armour
 - Level 2.6 Shields


You had 2 spell levels left.
You didn't know any spells.

Dungeon Overview and Level Annotations

Branches:
Dungeon (1/15)

Altars:


Innate Abilities, Weirdness & Mutations

You have sharp toenails.
You are slightly more attuned to the shadows.


Message History

You hit the goblin.
You kill the goblin!
You slash the goblin!
You kill the goblin!
You block the kobold's attack.
Things that are here:
a club; a goblin corpse You closely miss the kobold.
Your kick misses the kobold. The kobold hits you but does no damage.
You closely miss the kobold. You block the kobold's attack.
The kobold hits you but does no damage.
Your shield and chain mail prevent you from hitting the kobold.
You claw the kobold.
You kill the kobold!
You have reached level 3!
Your experience leads to an increase in your attributes!
Increase (S)trength, (I)ntelligence, or (D)exterity?
You feel agile.
Your demonic ancestry asserts itself...
You slip into the darkness of the dungeon.
Are you sure you want to abandon this character and quit the game? (Confirm with "yes".)

......#.## ....#....#
########## ....#..#.#
#........# ....##.#.#
#........# ....##...##
#........# ....###...#
#........# ....# #...#
#........# ....# ##..#
#..†.....# ....####..#
+..@)....# #.......#.#
#........# #.......#..#
#...?....# #.......#..#
##'####### #.......##..
#.########## #.......# ...
#...†......#
#.......###..###########.#
#........# .># ####.#
#........# #.... #....#


There were no monsters in sight!

Vanquished Creatures
  A dart slug (D:1)
  A leopard gecko (D:1)
  2 giant cockroaches (D:1)
  10 goblins (D:1)
  2 hobgoblins (D:1)
  3 kobolds (D:1)
  A frilled lizard (D:1)
  A rat (D:1)
21 creatures vanquished.

Notes
Turn   | Place    | Note
-------+----------+-------------------------------------------
     0 | D:1      | Moloch the Demonspawn Fighter began the quest for the Orb.
     0 | D:1      | Reached XP level 1. HP: 18/18 MP: 1/1
   210 | D:1      | Gained mutation: You have sharp toenails. [demonic ancestry]
   210 | D:1      | Reached XP level 2. HP: 17/24 MP: 2/2
   394 | D:1      | Gained mutation: You are slightly more attuned to the shadows. [demonic ancestry]
   394 | D:1      | Reached XP level 3. HP: 24/29 MP: 3/3
   395 | D:1      | Quit the game

Vault maps used:
D:1:      minmay_arrival_diagonal_passages, minmay_octomino_c4

Skill      XL: |  1  2 |
---------------+-------+-----
Axes           | 2 3 |  3.1
Fighting       | |  3.0
Armour         | |  2.6
Shields        | |  2.6

Action                   || total
-------------------------++-------
Melee: War axe           ||    42
       Kick              ||     5
Armor: Scale mail        ||     4
       Chain mail        ||    11
Dodge: Dodged            ||     9
Block: Shield            ||    20

Table legend:
 A = Spawn XP
 B = Non-spawn XP
 C = Spawn XP percentage of total XP
 D = Spawn monster count
 E = Non-spawn monster count
 F = Spawn count percentage of total count
 G = Total turns spent on level
                    A         B        C        D         E        F      G
               +---------+---------+-------+---------+---------+-------+---------
         Total |       0 |      41 |   0.0 |       0 |      21 |   0.0 |   395
               +---------+---------+-------+---------+---------+-------+---------
           D:1 |       0 |      41 |   0.0 |       0 |      21 |   0.0 |   395
               +---------+---------+-------+---------+---------+-------+---------
